 Dungeon Crawl Stone Soup version 0.30-a0-159-g068b764562 (webtiles) character file.

Game seed: 13098580296887849927

328 qw the Shield-Bearer (level 6, -1/37 HPs)
             Began as a Gargoyle Fighter on Sept 27, 2022.
             Slain by a gnoll
             ... wielding a +0 halberd
             ... led by a gnoll bouda
              (9 damage)
             ... on level 4 of the Dungeon.
             The game lasted 00:01:05 (2970 turns).

qw the Shield-Bearer (Gargoyle Fighter)             Turns: 2970, Time: 00:01:05

Health: -1/37      AC: 11    Str: 21    XL:     6   Next: 50%
Magic:  6/6        EV:  8    Int:  9    God:
Gold:   200        SH: 11    Dex:  9    Spells: 5/5 levels left

rFire   . . .      SeeInvis .    Y - +3 war axe
rCold   . . .      Faith    .    i - +2 kite shield
rNeg    + . .      Spirit   .    b - +0 scale mail
rPois   inf        Reflect  .    (no helmet)
rElec   +          Harm     .    (no cloak)
rCorr   .          Rampage  .    (no gloves)
Will    .....                    (no boots)
Stlth   ..........               (no amulet)
HPRegen 0.12/turn                (no ring)
MPRegen 0.10/turn                (no ring)

@: no status effects
A: sickness immunity, AC +4, negative energy resistance 1, electricity
resistance, torment resistance 1, petrification resistance
a: no special abilities


You were on level 4 of the Dungeon.
You visited 1 branch of the dungeon, and saw 4 of its levels.

You collected 200 gold pieces.


Innate Abilities, Weirdness & Mutations

You are immune to sickness and miasma.
Your stone body is resilient. (AC +4)
You are immune to poison.
You resist negative energy. (rN+)
You are resistant to electric shocks. (rElec)
You are resistant to unholy torment.
You are immune to petrification.


   Skills:
 - Level 3.2 Fighting
 + Level 4.2 Axes
 - Level 3.2 Armour
 - Level 6.2 Shields


You had 5 spell levels left.
You didn't know any spells.
Your spell library was empty.

Inventory:

Hand Weapons
 a - a +0 flail
 Y - a +3 war axe (weapon)
Armour
 b - a +0 scale mail (worn)
 i - a +2 kite shield (worn)
Scrolls
 c - a scroll of enchant armour
 e - a scroll of torment {unknown}
 f - 2 scrolls of teleportation
 l - a scroll of identify
Potions
 d - 2 potions of might
 g - a potion of curing
 h - a potion of flight {unknown}
 k - a potion of degeneration {unknown}

Dungeon Overview and Level Annotations

Branches:
Dungeon (4/15)
 Temple: D:4-7

Altars:

Shops:
D:1 *


Message History

The gnoll shouts!
You hit the gnoll bouda.
The gnoll bouda is lightly wounded.
You barely miss the gnoll. You slash the gnoll!
The gnoll hits you with a +0 flail. The gnoll hits you but does no damage.
A gnoll comes into view. It is wielding a +0 flail.
The gnoll bouda calls upon its god to heal the gnoll.
The gnoll is healed somewhat.
You block the gnoll's attack.
The gnoll shouts!
You barely miss the gnoll bouda.
The gnoll bouda is lightly wounded.
You hit the gnoll. x2
The gnoll barely misses you. You block the gnoll's attack.
You block the gnoll bouda's attack. The gnoll completely misses you.
The gnoll hits you with a +0 flail. You block the gnoll's attack.
The gnoll bouda hits you but does no damage.
You slash the gnoll!
You kill the gnoll!
You closely miss the goblin. You hit the gnoll bouda.
You barely miss the gnoll. You block the gnoll's attack.
The gnoll barely misses you.
The gnoll bouda hits you with a +0 whip.
You block the goblin's attack. The gnoll misses you.
The gnoll hits you with a +0 flail.
You hit the gnoll bouda.
The gnoll bouda is heavily wounded.
You slash the gnoll! You completely miss the gnoll.
You closely miss the goblin. The gnoll barely misses you.
The gnoll bouda barely misses you. The goblin hits you with a +0 club.
The gnoll misses you. The gnoll closely misses you.
The gnoll barely misses you. The goblin closely misses you.
The gnoll bouda hits you with a +0 whip!
You barely miss the gnoll bouda.
The gnoll bouda is heavily wounded.
You closely miss the gnoll. You closely miss the goblin. You slash the gnoll!
You kill the gnoll!
The gnoll hits you from afar with a +0 halberd!
You block the gnoll's attack. You block the gnoll bouda's attack.
The goblin hits you but does no damage.
The gnoll hits you from afar with a +0 halberd!
You die...

#.......##.....#
#.....### #......
##....# ......
#....# >.....
#....####.......
##..............#
##g..#..........##
#..ggg##......
#..#)@.......#.
..####......... .#
#.........
#..####... #..#
#.. #..# #..# ..#


You could see a gnoll bouda, 2 gnolls and a goblin.

Vanquished Creatures
  Grinder (D:4)
  2 gnolls (D:4)
  4 adders
  3 worms
  3 dart slugs
  5 bats
  8 endoplasms
  6 goblins
  10 hobgoblins
  2 jackals (D:3)
  12 kobolds
  2 quokkas (D:1)
  7 ball pythons
  A frilled lizard (D:3)
  7 rats
73 creatures vanquished.

Notes
Turn   | Place    | Note
-------+----------+-------------------------------------------
     0 | D:1      | qw the Gargoyle Fighter began the quest for the Orb.
     0 | D:1      | Reached XP level 1. HP: 14/14 MP: 1/1
     0 | D:1      | 0 ||| qw: Version: 0.2-a-10-g37ed214
     0 | D:1      | 0 ||| qw: Game counter: 554
     0 | D:1      | 0 ||| qw: Always use a shield: true
     0 | D:1      | 0 ||| qw: God list: Okawaru
     0 | D:1      | 0 ||| qw: Allow faded altars: false
     0 | D:1      | 0 ||| qw: Do Orc after D:15 true
     0 | D:1      | 0 ||| qw: Do second Lair branch before Depths: true
     0 | D:1      | 0 ||| qw: Lair rune preference: random
     0 | D:1      | 0 ||| qw: Plans: Normal, Zot:1-4, God:TSO, Crypt, Tomb,
                  | Pan, Slime:5, Hells, Abyss, Orb
     0 | D:1      | 0 ||| PLANNING D:1-11
    48 | D:1      | Reached XP level 2. HP: 19/19 MP: 2/2
   135 | D:1      | Found Gips's Assorted Antiques.
   141 | D:1      | 141 ||| SHOPLISTING scroll labelled JIGA UFOQIEBBAW (30
                  | gold, have 24).
   141 | D:1      | 141 ||| SHOPLISTING scroll labelled WUCHIM FEO (30 gold,
                  | have 24).
   141 | D:1      | 141 ||| SHOPLISTING scroll labelled XOASOR KOODA (30 gold,
                  | have 24).
   279 | D:1      | Reached skill level 3 in Axes
   297 | D:1      | Reached XP level 3. HP: 20/23 MP: 3/3
   302 | D:1      | HP: 5/23 [frozen (1)]
   653 | D:1      | 653 ||| Stepping ~*~*~tactically~*~*~ (stealth).
   786 | D:1      | Found a faded altar of an unknown god.
   951 | D:1      | 951 ||| READING scroll labelled WUCHIM FEO.
  1480 | D:2      | 1480 ||| UPGRADING to +2 kite shield.
  1490 | D:2      | 1490 ||| DROPPING +0 buckler.
  1491 | D:2      | 1491 ||| READING scroll labelled ESEHUS ISEPIA.
  1492 | D:2      | 1492 ||| READING 2 scrolls labelled XOASOR KOODA.
  1497 | D:2      | 1497 ||| READING 2 scrolls labelled OTHREG AWYK.
  1498 | D:2      | 1498 ||| READING scroll of enchant weapon.
  1498 | D:2      | 1498 ||| ENCHANTING +1 war axe.
  1499 | D:2      | 1499 ||| READING scroll labelled REFICK KYGREACW.
  1500 | D:2      | 1500 ||| DRINKING 2 pink potions.
  1501 | D:2      | 1501 ||| DROPPING potion of brilliance.
  1570 | D:3      | 1570 ||| DROPPING +0 club.
  1697 | D:3      | Reached XP level 4. HP: 28/28 MP: 4/4
  1778 | D:3      | 1778 ||| Stepping ~*~*~tactically~*~*~ (hiding).
  1779 | D:3      | 1779 ||| Stepping ~*~*~tactically~*~*~ (hiding).
  1857 | D:3      | Reached skill level 4 in Shields
  1867 | D:3      | 1867 ||| READING scroll of enchant weapon.
  1867 | D:3      | 1867 ||| ENCHANTING +2 war axe.
  2021 | D:3      | 2021 ||| FLEEEEING.
  2022 | D:3      | 2022 ||| FLEEEEING.
  2402 | D:3      | 2402 ||| READING 2 scrolls labelled MUITHR PUAPACHA.
  2403 | D:3      | 2403 ||| READING 3 scrolls of identify.
  2403 | D:3      | 2403 ||| IDENTIFYING bubbling inky potion
  2404 | D:3      | 2404 ||| READING 2 scrolls of identify.
  2404 | D:3      | 2404 ||| IDENTIFYING fizzy golden potion
  2405 | D:3      | 2405 ||| DROPPING potion of invisibility.
  2672 | D:4      | Noticed Grinder
  2673 | D:4      | 2673 ||| Stepping ~*~*~tactically~*~*~ (stealth).
  2675 | D:4      | 2675 ||| Stepping ~*~*~tactically~*~*~ (hiding).
  2687 | D:4      | Paralysed by Grinder for 5 turns
  2693 | D:4      | Killed Grinder
  2694 | D:4      | Reached skill level 6 in Shields
  2694 | D:4      | Reached XP level 5. HP: 22/32 MP: 5/5
  2694 | D:4      | Reached XP level 6. HP: 25/37 MP: 6/6
  2899 | D:4      | 2899 ||| Stepping ~*~*~tactically~*~*~ (stealth).
  2928 | D:4      | 2928 ||| Stepping ~*~*~tactically~*~*~ (stealth).
  2929 | D:4      | 2929 ||| Stepping ~*~*~tactically~*~*~ (stealth).
  2930 | D:4      | 2930 ||| Stepping ~*~*~tactically~*~*~ (stealth).
  2958 | D:4      | 2958 ||| Stepping ~*~*~tactically~*~*~ (stealth).
  2964 | D:4      | 2964 ||| Stepping ~*~*~tactically~*~*~ (hiding).
  2970 | D:4      | HP: 8/37 [gnoll/+0 halberd[a gnoll bouda] (8)]
  2970 | D:4      | Slain by a gnoll

Levels and vault maps discovered:
D:1:      psy_arrival_fountain, layout_basic,
          hellmonk_ecumenical_altar_inner_sanctum, serial_shops,
          nicolae_shop_temple_entry_statues_fountains,
          amcnicky_mini_corridor_feature
D:2:      minmay_alternating_diamond, layout_rooms, chequers_garden
D:3:      layout_loops_ring
D:4:      minmay_polygon_palace, layout_layer_cave, uniq_grinder, uniq_sigmund,
          uniq_duvessa

Skill      XL: |  1  2  3  4 |
---------------+-------------+-----
Axes           | 2 3 4 |  4.2
Shields        | 6 |  6.2
Fighting       | |  3.2
Armour         | |  3.2

Action                   |  1- 3 |  4- 6 || total
-------------------------+-------+-------++-------
Melee: War axe           |   102 |    84 ||   186
  Use: Scroll            |     6 |     4 ||    10
       Potion            |     1 |       ||     1
Armor: Scale mail        |    46 |    27 ||    73
Dodge: Dodged            |    36 |    33 ||    69
Block: Buckler           |     9 |       ||     9
       Kite shield       |     2 |    41 ||    43

Table legend:
 A = Non-vault XP
 B = Vault XP
 C = Vault XP percentage of total XP
 D = Non-vault monster count
 E = Vault monster count
 F = Vault count percentage of total count
                 A         B        C        D         E       F
            +---------+---------+-------+---------+---------+-------
      Total |     206 |     278 |  57.4 |      68 |       5 |   6.8
            +---------+---------+-------+---------+---------+-------
        D:1 |      51 |       0 |   0.0 |      28 |       0 |   0.0
        D:2 |      15 |       6 |  28.6 |       7 |       4 |  36.4
        D:3 |      84 |       0 |   0.0 |      25 |       0 |   0.0
        D:4 |      56 |     272 |  82.9 |       8 |       1 |  11.1
            +---------+---------+-------+---------+---------+-------
